 Dungeon Crawl Stone Soup version 0.21-a0-170-g0398fc9 (webtiles) character file.

387 tilp the Firebug (level 6, -20/48 HPs)
             Began as a Hill Orc Fire Elementalist on Aug 5, 2017.
             Demolished by an ogre
             ... wielding a +0 giant club
              (31 damage)
             ... on level 4 of the Dungeon on Aug 6, 2017.
             The game lasted 00:12:17 (4592 turns).

tilp the Firebug (Hill Orc Fire Elementalist)       Turns: 4592, Time: 00:12:18

Health: -20/48     AC:  6    Str: 11    XL:     6   Next: 78%
Magic:  9/9        EV: 12    Int: 17    God:
Gold:   361        SH:  0    Dex: 11    Spells: 3/9 levels left

rFire    . . .     SeeInvis .   q - +1 war axe (elec)
rCold    . . .     Gourm    .   (no shield)
rNeg     . . .     Faith    .   r - +2 robe {Archmagi}
rPois    .         Spirit   .   (no helmet)
rElec    .         Reflect  .   t - +1 cloak
rCorr    .         Harm     .   (no gloves)
MR       .....                  (no boots)
Stlth    ++........             (no amulet)
HPRegen  0.16/turn              (no ring)
MPRegen  0.11/turn              (no ring)

@: no status effects
A: no striking features
a: no special abilities


You were on level 4 of the Dungeon.
You were hungry.

You visited 1 branch of the dungeon, and saw 4 of its levels.

You collected 361 gold pieces.

Inventory:

Hand Weapons
 l - a +2 dagger of venom
 q - a +1 war axe of electrocution (weapon)
Armour
 r - a +2 robe of the Archmagi (worn)
 t - a +1 cloak (worn)
Jewellery
 u - an uncursed ring of poison resistance {unknown}
Scrolls
 a - a scroll of fog {unknown}
 d - 4 scrolls of identify {unknown}
 e - a scroll of random uselessness {unknown}
 g - 4 scrolls of teleportation {unknown}
 i - a scroll of remove curse
 o - a scroll of recharging {unknown}
Potions
 h - a potion of might {unknown}
 j - a potion of curing {unknown}
 k - a potion of resistance {unknown}
 m - 2 potions of invisibility {unknown}
 s - a potion of ambrosia {unknown}
Books
 b - a book of Flames

   Spells                             Type                      Level
   a - Flame Tongue                   Conjuration/Fire             1
   b - Throw Flame                    Conjuration/Fire             2
   c - Conjure Flame                  Conjuration/Fire             3
   d - Inner Flame                    Hexes/Fire                   3
   e - Sticky Flame                   Conjuration/Fire             4
   f - Fireball                       Conjuration/Fire             5
Comestibles
 c - 3 bread rations
 f - 5 royal jellies
 n - 2 fruits
 p - a meat ration
 v - 2 chunks of flesh


   Skills:
 - Level 2.0 Fighting
 + Level 1.3 Axes
 - Level 1.5 Dodging
 - Level 1.5 Stealth
 - Level 2.0 Spellcasting
 * Level 4.4 Conjurations
 * Level 5.5 Fire Magic


You had 3 spell levels left.
You knew the following spells:

 Your Spells              Type           Power        Failure   Level  Hunger
a - Flame Tongue          Conj/Fire      ####.        2%          1    #......
b - Throw Flame           Conj/Fire      ####..       3%          2    ###....
c - Conjure Flame         Conj/Fire      ####....     8%          3    ###....


Dungeon Overview and Level Annotations

Branches:
Dungeon (4/15)
 Temple: D:4-7

Altars:
Ashenzari
Elyvilon
Wu Jian


Message History

You hit the orc. Lightning courses through the orc!
You kill the orc!
You slash the orc! Lightning courses through the orc!
You kill the orc!
The orc throws a tomahawk.
The tomahawk closely misses you. The ogre hits you with a giant club!!
Ouch! That really hurt!
* * * LOW HITPOINT WARNING * * *
The orc throws a tomahawk.
The tomahawk closely misses you.
As you read the scroll labeled MANWE VEOWO, it crumbles to dust.
You feel blessed for a moment.
It was a scroll of remove curse.
You feel sick.
You are no longer poisoned.
The orc throws a tomahawk.
The tomahawk misses you.
You are feeling hungry.
You see here 2 tomahawks.
You hit the ogre. Lightning courses through the ogre!
The ogre is severely wounded.
The ogre closely misses you. The ogre hits you with a giant club!!
Ouch! That really hurt!
You die...

## ...#.. .### #......#
...## #......# ....##
##..#...#
≈≈...####...#...# .
≈≈≈........##...# ..#
♣≈≈.............## #...#
≈≈≈..####......o(#.....#
≈≈(..♣
##...)JO@........##
....♣♣
##..)(###......... ...♣♣
#..w## #....... ..♣♣
##....# #..... ...♣♣
##.....# ####.....
....♣♣
#..÷...####........
≈≈...♣
#..#...o#..o.......
≈≈≈..♣♣
#.####.o...?.o.....
_≈≈...♣ #.
#.............


You could see an ogre, a worm, an ooze and an orc.

Vanquished Creatures
  A scorpion (D:4)
  Crazy Yiuf (D:3)
  Jessica (D:3)
  Natasha (thrice) (D:3)
  A worker ant (D:4)
  8 adders
  An ooze (D:2)
  An adder skeleton (D:4)
  6 worms
  3 dart slugs
  3 leopard geckos
  5 orcs
  A ball python (D:1)
  5 bats
  5 giant cockroaches
  9 goblins
  6 hobgoblins
  2 jackals (D:2)
  12 kobolds
  2 quokkas
  4 frilled lizards
  A leopard gecko skeleton (D:4)
  5 rats
86 creatures vanquished.

Notes
Turn   | Place    | Note
-------+----------+-------------------------------------------
     0 | D:1      | tilp the Hill Orc Fire Elementalist began the quest for the Orb.
     0 | D:1      | Reached XP level 1. HP: 14/14 MP: 3/3
   247 | D:1      | Upgraded the game from 0.21-a0-163-g3aa3f5d to 0.21-a0-170-g0398fc9
   248 | D:1      | Reached XP level 2. HP: 15/20 MP: 0/5
   970 | D:2      | Reached XP level 3. HP: 26/26 MP: 3/6
  1364 | D:2      | Learned a level 2 spell: Throw Flame
  1368 | D:2      | Learned a level 3 spell: Conjure Flame
  1622 | D:2      | Reached XP level 4. HP: 33/33 MP: 7/7
  2142 | D:2      | Found a shattered altar of Ashenzari.
  2275 | D:2      | Reached skill level 4 in Fire Magic
  2508 | D:3      | Noticed Jessica
  3183 | D:3      | Reached XP level 5. HP: 39/39 MP: 5/8
  3193 | D:3      | Reached skill level 1 in Fighting
  3237 | D:3      | Killed Jessica
  3368 | D:3      | Found an ornate altar of the Wu Jian Council.
  3726 | D:3      | Noticed Natasha
  3753 | D:3      | Killed Natasha
  3780 | D:3      | Found a runed door.
  3815 | D:3      | Noticed Natasha
  3824 | D:3      | Killed Natasha
  3824 | D:3      | Reached XP level 6. HP: 44/48 MP: 6/9
  3835 | D:3      | Noticed Natasha
  3838 | D:3      | Killed Natasha
  3838 | D:3      | Reached skill level 5 in Fire Magic
  3961 | D:3      | Noticed Crazy Yiuf
  3980 | D:3      | Killed Crazy Yiuf
  4242 | D:4      | Found a white marble altar of Elyvilon.
  4289 | D:4      | Reached skill level 1 in Axes
  4592 | D:4      | Demolished by an ogre

Vault maps used:
D:1:      lemuel_arrival_broad_hall
D:2:      nicolae_ashenzari_panopticon, serial_forest,
          infiniplex_forest_clump_cross, infiniplex_forest_corner_2,
          infiniplex_forest_straight_2, infiniplex_forest_straight_4,
          infiniplex_forest_straight_3, infiniplex_forest_end_1,
          infiniplex_forest_clump_medium
D:3:      marbit_many_paths, first_bread, uniq_natasha, uniq_jessica,
          uniq_crazy_yiuf_cottage
D:4:      elyvilon_altar_3

Skill      XL: |  1  2  3  4  5  6 |
---------------+-------------------+-----
Spellcasting   | 2 |  2.0
Conjurations   | 2 3 4 |  4.4
Fire Magic     | 4 5 |  5.5
Fighting       | 1 2 |  2.0
Axes           | 1 |  1.3
Dodging        | |  1.5
Stealth        | |  1.5

Action                   |  1- 3 |  4- 6 || total
-------------------------+-------+-------++-------
Melee: Mace              |    19 |       ||    19
       Dagger            |    38 |   105 ||   143
       War axe           |       |    23 ||    23
 Cast: Flame Tongue      |    24 |    41 ||    65
       Throw Flame       |       |     5 ||     5
       Conjure Flame     |       |     1 ||     1
  Use: Scroll            |       |     1 ||     1
 Stab: Sleeping          |     1 |     3 ||     4
  Eat: Chunk             |     3 |     9 ||    12
       Fruit             |       |     1 ||     1
Armor: Robe              |    10 |    10 ||    20
       Leather armour    |       |     8 ||     8
Dodge: Dodged            |    43 |    69 ||   112
